 Dungeon Crawl Stone Soup version 0.25-a0-942-g87a53962fc (webtiles) character file.

Game seed: 3694724363517160104, levelgen mode: deterministic

12953 wullow the Thaumaturge (level 11, -1/86 HPs)
             Began as a Demonspawn Venom Mage on May 6, 2020.
             Was an Elder of Sif Muna.
             Slain by a wyvern simulacrum (8 damage)
             ... in a Gauntlet.
             The game lasted 01:23:27 (18583 turns).

wullow the Thaumaturge (Demonspawn Venom Mage)     Turns: 18583, Time: 01:23:28

Health: -1/86      AC: 15    Str: 13    XL:     11   Next: 69%
Magic:  0/23       EV: 17    Int: 19    God:    Sif Muna [****..]
Gold:   1056       SH:  5    Dex: 13    Spells: 17/26 levels left

rFire    . . .     SeeInvis .   X - +3 long sword (flame)
rCold    + . .     Gourm    .   J - +0 buckler
rNeg     . . .     Faith    .   Q - +2 robe {rC+}
rPois    +         Spirit   +   (no helmet)
rElec    .         Reflect  .   O - +2 cloak
rCorr    .         Harm     .   o - +2 pair of gloves {Str+3}
MR       +....     NoTele   +   I - +1 pair of boots
Stlth    ++........             (no amulet)
HPRegen  0.24/turn              F - ring of poison resistance
MPRegen  0.18/turn              s - ring of protection from magic

@: mighty, agile, drained
A: hooves 2, slimy green scales 2, powered by pain 2, magic shield
a: Channel Magic, Forget Spell, Divine Exegesis, Renounce Religion


You were in a Gauntlet.
You worshipped Sif Muna.
Sif Muna was greatly pleased with you.
You were not hungry.

You visited 2 branches of the dungeon, and saw 12 of its levels.
You also visited: Bailey and Gauntlet.

You collected 1096 gold pieces.
You spent 40 gold pieces at shops.

Inventory:

Hand Weapons
 P - a +4 dagger of venom
 X - a +3 long sword of flaming (weapon)
Missiles
 d - 329 stones (quivered)
 x - 74 poisoned darts
 N - 7 throwing nets
Armour
 b - a +0 troll leather armour
 o - a +2 pair of gloves of strength (worn)
 I - a +1 pair of boots (worn)
 J - a +0 buckler (worn)
 O - a +2 cloak (worn)
 Q - a +2 robe of cold resistance (worn)
 V - a +0 robe of magic resistance
 Y - +0 acid dragon scales
Jewellery
 q - an uncursed ring of fire
 s - a ring of protection from magic (right hand)
 w - an uncursed ring of see invisible
 F - a ring of poison resistance (left hand)
Wands
 A - a wand of polymorph (4)
 G - a wand of flame (12)
 L - a wand of paralysis (13)
 M - a wand of acid (12)
 T - a wand of clouds (5)
 W - a wand of enslavement (14)
Scrolls
 e - 5 scrolls of remove curse
 f - 4 scrolls of enchant armour
 l - 4 scrolls of teleportation
 n - a scroll of magic mapping
 u - a scroll of amnesia
 K - 6 scrolls of identify
Potions
 a - a potion of cancellation
 h - 7 potions of flight
 i - a potion of might
 k - a potion of resistance
 m - 3 potions of stabbing
 p - 2 potions of invisibility {unknown}
 r - 5 potions of curing
 v - 3 potions of degeneration {unknown}
 D - 2 potions of mutation {unknown}
 E - a potion of lignification {unknown}
 S - 2 potions of brilliance {unknown}
Comestibles
 c - 20 rations


   Skills:
 + Level 7.9(6.9) Fighting
 * Level 4.2(3.3) Short Blades
 - Level 2.0(1.2) Dodging
 - Level 2.0(1.2) Stealth
 + Level 5.2(4.3) Shields
 * Level 8.2(7.2) Spellcasting
 - Level 4.0(3.1) Conjurations
 - Level 3.0(2.1) Transmutations
 - Level 4.0(3.1) Fire Magic
 - Level 4.0(3.1) Air Magic
 - Level 8.0(7.0) Poison Magic
 + Level 8.0(7.1) Invocations


You had 17 spell levels left.
You knew the following spells:

 Your Spells              Type           Power        Failure   Level  Hunger
a - Sting                 Tmut/Pois      ###.         1%          1    None
b - Poisonous Vapours     Pois/Air       ####..       1%          2    None
c - Mephitic Cloud        Conj/Pois/Air  ###.....     4%          3    #......
d - Ignite Poison         Fire/Tmut/Pois ###.....     5%          3    #......

Your spell library contained the following spells:

 Spells                   Type           Power        Failure   Level  Hunger
 Olgreb's Toxic Radiance  Pois           ####....     5%          4    ###....
 Corona                   Hex            #......      10%         1    None
 Slow                     Hex            #.......     16%         2    None
 Inner Flame              Hex/Fire       ##......     16%         3    #......
 Portal Projectile        Hex/Tloc       #.....       30%         3    #......
 Cause Fear               Hex            #.........   69%         4    ###....
 Leda's Liquefaction      Hex/Erth       #.........   69%         4    ###....


Dungeon Overview and Level Annotations

Branches:
Dungeon (11/15)            Temple (1/1) D:6            Lair (0/6) D:10
    Orc (0/2) D:10         Bailey (visited)         Gauntlet (1/1)

Altars:
Ashenzari
Cheibriados
Dithmenos
Elyvilon
Fedhas
Gozag
Hepliaklqana
Kikubaaqudgha
Makhleb
Nemelex Xobeh
Okawaru
Qazlal
Ru
Sif Muna
Trog
Uskayaw
Vehumet
Wu Jian
Xom
Yredelemnul
Zin
The Shining One

Shops:
D:7 *

Annotations:
D:10 exclusion: oklob plant Gauntlet 2 runed translucent doors, 11 transporters


Innate Abilities, Weirdness & Mutations

You have hoof-like feet.
You are mostly covered in slimy green scales. (AC +3)
You sometimes gain power by taking damage.
When hurt, damage is shared between your health and your magic reserves.


Message History

You riposte.
You closely miss the bullfrog simulacrum.
The wyvern simulacrum misses you.
Your magical contamination has completely faded away.
Casting: Mephitic Cloud (dangerous; 4% risk of failure)
Confirm with . or Enter, or press ? or * to list all spells.
You don't have enough magic to cast that spell.
Unknown command.
You hit the bullfrog simulacrum.
You melt the bullfrog simulacrum.
The bullfrog simulacrum is severely damaged.
The wyvern simulacrum misses you.
You block the bullfrog simulacrum's attack.
The wyvern simulacrum closely misses you.
You block the bullfrog simulacrum's attack.
You slash the bullfrog simulacrum!
You melt the bullfrog simulacrum.
The bullfrog simulacrum vapourises!
Sif Muna accepts your kill.
The centaur warrior simulacrum hits you but does no damage.
The wyvern simulacrum bites you!
You die...

#...#########..#....#..#.#..#####
§.∩.###...###..#...#..#.$#..#.##.
#...###...###..#..#P.#..##..##..#
§...#..+##z##..#.#..#..#.#..#^##.
#.8©#..#©#zz#©©##.©#..#.©#©©##.#©
≈...#..##+z##..#.#..#..#.#..#.#.#
#...###...###..#..#..#..##..#.#..
≈.∩.###...###..#Z☼.#..#..#..##.##
#...#########..#@Z..#..#"#..#####
≈...........#..###########..#....
##..#########..#.........#..#####
#≈..###....Z#..#.........#..#Z...
##..####.##.#..#..##≈##..#..#k.##
#§..#ZZ^.##.#..#..≈###§..#..#Z#..
##.©#Z#.©.#©#©.#..## ##..#.©#.#.©
#≈..#.##.^(}#..#..≈# #≈..#..#Z#Z.
##..#.##.#######..## ##..####.###


You could see 4 flying skulls, a bullfrog simulacrum, a wyvern simulacrum and a
centaur warrior simulacrum.

Vanquished Creatures
  Snorg (D:10)
  2 two-headed ogres
  An unseen horror (D:10)
  Maurice (D:8)
  A torpor snail (Gauntlet)
  Maggie (D:10)
  The ghost of Lugonue the Slasher, a novice TeFi (D:4)
  A hornet (D:11)
  A troll (D:9)
  3 hippogriffs
  2 yaks (D:8)
  Sigmund (D:4)
  Eustachio (D:4)
  A wraith (D:9)
  A wyvern (D:8)
  2 hogs (D:8)
  Grum (D:9)
  A human (D:8)
  4 wargs (D:10)
  A water moccasin (D:10)
  6 orc warriors
  Duvessa (D:5)
  An ice beast (D:6)
  4 phantoms
  6 ogres
  3 centaurs
  2 sky beasts
  6 wolves
  3 big kobolds
  8 gnoll sergeants (Bailey)
  6 bullfrogs
  Dowan (D:5)
  2 scorpions
  A water moccasin skeleton (D:5)
  3 killer bees (D:9)
  9 wights
  A howler monkey (D:7)
  A crimson imp (D:4)
  A centaur zombie (D:8)
  A wyvern simulacrum (Gauntlet)
  5 hounds
  8 orc priests
  2 jellies (D:10)
  16 orc wizards
  A quasit (D:8)
  3 centaur skeletons
  2 bullfrog skeletons (D:11)
  An iguana (D:10)
  Ijyb (D:5)
  6 gnoll shamans (Bailey)
  4 worker ants
  A bullfrog simulacrum (Gauntlet)
  A hound zombie (D:3)
  2 worker ant zombies
  22 gnolls
  8 adders
  4 shadow imps
  2 adder zombies
  A worm (D:2)
  A dart slug (D:1)
  5 leopard geckos
  42 orcs
  5 bats
  3 giant cockroaches
  10 hobgoblins
  15 jackals
  29 kobolds
  6 quokkas
  4 ball pythons
  3 frilled lizards
  12 goblins
  A leopard gecko skeleton (D:6)
  A quokka zombie (D:6)
  5 rats
326 creatures vanquished.

Vanquished Creatures (others)
  13 withered plants (Gauntlet)
13 creatures vanquished.

Grand Total: 339 creatures vanquished

Notes
Turn   | Place    | Note
-------+----------+-------------------------------------------
     0 | D:1      | wullow the Demonspawn Venom Mage began the quest for the
                  | Orb.
     0 | D:1      | Reached XP level 1. HP: 13/13 MP: 3/3
    13 | D:1      | Reached skill level 1 in Transmutations
   353 | D:1      | Gained mutation: You sometimes gain a little power by
                  | taking damage. [demonic ancestry]
   353 | D:1      | Reached XP level 2. HP: 7/19 MP: 1/5
  1165 | D:1      | Learned a level 2 spell: Poisonous Vapours
  1626 | D:2      | Gained mutation: You are partially covered in slimy green
                  | scales. (AC +2) [demonic ancestry]
  1626 | D:2      | Reached XP level 3. HP: 22/24 MP: 3/6
  1816 | D:2      | Reached skill level 1 in Air Magic
  2681 | D:2      | Gained mutation: You have large cloven feet. [demonic
                  | ancestry]
  2681 | D:2      | Reached XP level 4. HP: 30/30 MP: 2/7
  2694 | D:2      | Learned a level 3 spell: Mephitic Cloud
  2844 | D:3      | Found a faded altar of an unknown god.
  3032 | D:3      | Found a sacrificial altar of Ru.
  3032 | D:3      | Found a snail-covered altar of Cheibriados.
  3033 | D:3      | Found a blossoming altar of Fedhas.
  3123 | D:3      | Reached skill level 1 in Conjurations
  3288 | D:3      | Gained mutation: You sometimes gain power by taking damage.
                  | [demonic ancestry]
  3288 | D:3      | Reached XP level 5. HP: 35/35 MP: 6/9
  3947 | D:3      | Learned a level 3 spell: Ignite Poison
  4045 | D:4      | Noticed Eustachio
  4227 | D:4      | Killed Eustachio
  4227 | D:4      | Reached skill level 1 in Fire Magic
  4227 | D:4      | Gained mutation: When hurt, damage is shared between your
                  | health and your magic reserves. [demonic ancestry]
  4227 | D:4      | Reached XP level 6. HP: 41/41 MP: 0/10
  4430 | D:4      | Noticed Sigmund
  4444 | D:4      | Killed Sigmund
  4470 | D:4      | Gained mutation: You have hoof-like feet. [demonic
                  | ancestry]
  4470 | D:4      | Reached XP level 7. HP: 23/46 MP: 2/12
  4644 | D:4      | Found a hazy altar of Hepliaklqana.
  4708 | D:4      | Found a runed translucent door.
  4724 | D:4      | Noticed Lugonue's ghost (novice TeFi)
  5347 | D:5      | Entered Level 5 of the Dungeon
  5448 | D:5      | Noticed Ijyb
  5467 | D:5      | Killed Ijyb
  5467 | D:5      | Reached skill level 5 in Poison Magic
  5668 | D:5      | Found Jeyxkona's Magic Scroll Shop.
  5684 | D:5      | Noticed Duvessa
  5684 | D:5      | Noticed Dowan
  5690 | D:5      | Killed Duvessa
  5690 | D:5      | Reached skill level 1 in Fighting
  5692 | D:5      | Killed Dowan
  6021 | D:5      | Reached XP level 8. HP: 57/57 MP: 7/14
  6300 | D:5      | Found a bloodstained altar of Trog.
  7221 | D:6      | Reached skill level 5 in Spellcasting
  7411 | D:6      | Found a staircase to the Ecumenical Temple.
  7423 | Temple   | Entered the Ecumenical Temple
  7556 | Temple   | Became a worshipper of Sif Muna the Loreminder
  7775 | D:6      | Reached skill level 1 in Invocations
  8991 | D:7      | Reached XP level 9. HP: 66/67 MP: 8/17
  9714 | D:7      | Reached * piety under Sif Muna
  9882 | D:7      | Found Pusiblath's General Store.
  9885 | D:7      | Bought a scroll of identify for 20 gold pieces
  9885 | D:7      | Bought a scroll of identify for 20 gold pieces
 10615 | D:8      | Reached skill level 5 in Fighting
 11066 | D:8      | Reached skill level 1 in Shields
 11353 | D:8      | Noticed Maurice
 11359 | D:8      | Killed Maurice
 11623 | D:8      | Reached ** piety under Sif Muna
 11966 | D:8      | Gained mutation: You are mostly covered in slimy green
                  | scales. (AC +3) [demonic ancestry]
 11966 | D:8      | Reached XP level 10. HP: 76/76 MP: 8/19
 12731 | D:9      | Noticed a two-headed ogre
 12911 | D:8      | Killed a two-headed ogre
 12911 | D:8      | Reached skill level 5 in Invocations
 13063 | D:9      | Found a flagged portal.
 13068 | Bailey   | Entered a bailey
 13718 | Bailey   | Reached *** piety under Sif Muna
 14916 | D:4      | Got a scorched short sword
 14917 | D:4      | Identified the +6 short sword of Checks and Balances
                  | {vorpal, *Corrode rPois MR+} (You found it on level 4 of
                  | the Dungeon)
 14998 | D:4      | Killed Lugonue's ghost
 14998 | D:4      | Reached skill level 1 in Short Blades
 15255 | D:9      | Reached XP level 11. HP: 78/84 MP: 11/21
 15428 | D:9      | Noticed Grum
 15434 | D:9      | Killed Grum
 15887 | D:10     | Entered Level 10 of the Dungeon
 15968 | D:10     | Noticed a two-headed ogre
 15985 | D:10     | Killed a two-headed ogre
 16025 | D:10     | Noticed Maggie
 16050 | D:10     | Killed Maggie
 16166 | D:10     | Reached **** piety under Sif Muna
 16167 | D:10     | Noticed Snorg
 16194 | D:10     | Killed Snorg
 16764 | D:10     | Noticed an unseen horror
 16773 | D:10     | Killed an unseen horror
 17332 | D:10     | Reached skill level 5 in Shields
 17405 | D:10     | Got a translucent chain mail
 17477 | D:10     | Noticed an oklob plant
 17484 | D:10     | Found a staircase to the Lair.
 17784 | D:10     | Found a staircase to the Orcish Mines.
 17836 | D:10     | Identified the cursed +1 chain mail of Ralliosu {*Drain
                  | rCorr Slay+2} (You found it on level 10 of the Dungeon)
 18038 | D:11     | Found a gate leading to a gauntlet.
 18055 | Gauntlet | Entered a Gauntlet
 18055 | Gauntlet | Found a runed translucent door.
 18055 | Gauntlet | Found a transporter.
 18055 | Gauntlet | Found a runed translucent door.
 18055 | Gauntlet | Found a transporter.
 18061 | Gauntlet | Found a transporter.
 18074 | Gauntlet | Found a transporter.
 18091 | Gauntlet | Found a transporter.
 18091 | Gauntlet | Found a transporter.
 18093 | Gauntlet | Found a transporter.
 18093 | Gauntlet | Found a transporter.
 18094 | Gauntlet | Found a transporter.
 18095 | Gauntlet | Noticed a wizard
 18096 | Gauntlet | Noticed a wizard
 18105 | Gauntlet | Found a transporter.
 18120 | Gauntlet | Found a transporter.
 18120 | Gauntlet | Noticed a sixfirhy
 18121 | Gauntlet | Noticed a sixfirhy
 18122 | Gauntlet | Noticed a sixfirhy
 18127 | Gauntlet | Noticed a death drake
 18130 | Gauntlet | Found a transporter.
 18144 | Gauntlet | Found a transporter.
 18178 | Gauntlet | Found a transporter.
 18583 | Gauntlet | Slain by a wyvern simulacrum

Levels and vault maps discovered:
D:1:      beargit_arrival_greenhouse, layout_loops_corners
D:2:      layout_loops_cross, minmay_pentomino_t4
D:3:      layout_basic, chequers_temple_overflow_statue_of_worship,
          chequers_ecumenical_altar_simple
D:4:      layout_basic, lemuel_doored_altar, ebering_ghost_inner_flame,
          uniq_eustachio, uniq_sigmund
D:5:      layout_basic, first_ration, serial_shops, kennysheep_mini,
          lemuel_altar_in_water, uniq_ijyb, uniq_duvessa
D:6:      layout_loops_ring, minmay_temple_entry_glassed_door
D:7:      layout_loops_cross, serial_shops, kennysheep_mini_moat
D:8:      layout_loops_cross, grunt_livestock, ebering_dispersal_statue_hall,
          uniq_maurice
D:9:      layout_irregular_city, enter_bailey_3, uniq_grum
D:10:     layout_cave_pools, dpeg_oklobed_lair, minmay_orc_entry_guard_dogs,
          uniq_snorg, uniq_maggie
D:11:     layout_basic, maelrawn_ghost_gauntlet_escape, gauntlet_entry_generic
Temple:   dpeg_five_rooms_temple
Gauntlet: gammafunk_gauntlet_mixed_choke_point
          [minmay_gauntlet_arena_77_p_blocks, minmay_gauntlet_arena_77_cramped,
          minmay_gauntlet_arena_77_fan, gammafunk_gauntlet_arena_arrow_garden,
          minmay_gauntlet_arena_77_box, minmay_gauntlet_arena_77_mess,
          minmay_gauntlet_arena_77_checkered,
          nicolae_gauntlet_exit_dead_adventurers]

Skill      XL: |  1  2  3  4  5  6  7  8  9 10 11 |
---------------+----------------------------------+-----
Transmutations | 1 2 3 |  3.0
Air Magic      | 1 2 3 4 |  4.0
Conjurations   | 1 2 3 4 |  4.0
Spellcasting   | 3 4 5 6 7 8 |  8.2
Fire Magic     | 1 2 3 4 |  4.0
Poison Magic   | 4 5 6 7 8 |  8.0
Fighting       | 2 4 5 7 |  7.9
Dodging        | 2 |  2.0
Stealth        | 2 |  2.0
Invocations    | 2 4 6 8 |  8.0
Shields        | 2 4 5 |  5.2
Short Blades   | 1 4 |  4.2

Action                   |  1- 3 |  4- 6 |  7- 9 | 10-12 || total
-------------------------+-------+-------+-------+-------++-------
Melee: Unarmed           |     2 |       |       |       ||     2
       Dagger            |    30 |    54 |   315 |   361 ||   760
       Kick              |       |    12 |    58 |       ||    70
       Long sword        |       |       |       |     5 ||     5
Throw: Stone             |       |       |     1 |     1 ||     2
 Cast: Sting             |    73 |    44 |    37 |    38 ||   192
       Poisonous Vapours |       |    20 |    94 |   136 ||   250
       Mephitic Cloud    |       |     2 |    23 |    45 ||    70
       Ignite Poison     |       |     1 |    17 |    33 ||    51
  Use: Scroll            |       |    10 |     5 |     5 ||    20
       Potion            |       |       |       |     4 ||     4
 Stab: Sleeping          |     1 |       |       |     1 ||     2
       Confused          |       |       |       |     3 ||     3
  Eat: Chunk             |     6 |     5 |    14 |    21 ||    46
       Ration            |       |     1 |     3 |     1 ||     5
Armor: Robe              |    13 |    26 |   100 |   159 ||   298
       Troll leather arm |       |       |       |    13 ||    13
Dodge: Dodged            |    46 |    64 |   236 |   278 ||   624
Block: Buckler           |       |       |       |    94 ||    94
       Rpst.: Long sword |       |       |       |     1 ||     1

Table legend:
 A = Non-vault XP
 B = Vault XP
 C = Vault XP percentage of total XP
 D = Non-vault monster count
 E = Vault monster count
 F = Vault count percentage of total count
                 A         B        C        D         E       F
            +---------+---------+-------+---------+---------+-------
      Total |   11238 |    7267 |  39.3 |     262 |      64 |  19.6
            +---------+---------+-------+---------+---------+-------
        D:1 |      41 |       1 |   2.4 |      22 |       1 |   4.3
        D:2 |      56 |       0 |   0.0 |      19 |       0 |   0.0
        D:3 |     171 |       0 |   0.0 |      28 |       0 |   0.0
        D:4 |     343 |     822 |  70.6 |      11 |       4 |  26.7
        D:5 |     400 |     255 |  38.9 |      10 |       3 |  23.1
        D:6 |    1204 |       0 |   0.0 |      31 |       0 |   0.0
        D:7 |     500 |       0 |   0.0 |      23 |       0 |   0.0
        D:8 |    2852 |    1427 |  33.3 |      33 |       6 |  15.4
        D:9 |    2346 |     547 |  18.9 |      43 |       8 |  15.7
       D:10 |    2817 |    2146 |  43.2 |      35 |       6 |  14.6
       D:11 |     508 |       0 |   0.0 |       7 |       0 |   0.0
     Bailey |       0 |    1207 | 100.0 |       0 |      30 | 100.0
   Gauntlet |       0 |     862 | 100.0 |       0 |       6 | 100.0
            +---------+---------+-------+---------+---------+-------
